 Dungeon Crawl Stone Soup version 0.19.1-1-g22dce08 (webtiles) character file.

233033 theAP the Bludgeoner (level 19, -12/135 HPs)
             Began as a Gargoyle Fighter on Jan 5, 2017.
             Was a High Priest of Qazlal.
             Mangled by a water elemental (15 damage)
             ... on level 4 of the Shoals.
             The game lasted 02:19:02 (28808 turns).

theAP the Bludgeoner (Gargoyle Fighter)            Turns: 28808, Time: 02:19:03

Health: -12/135    AC: 37    Str: 38      XL:     19   Next: 55%
Magic:  2/28       EV: 11    Int: 10      God:    Qazlal [*****.]
Gold:   1215       SH: 25    Dex: 14 (16) Spells: 1 memorised, 16 levels left

rFire  . . .     SeeInvis .     n - +9 whip (freeze)
rCold  . . .     Gourm    .     E - +3 ring mail of Ycol Cach {*Slow +Blink rN+ Stlth+}
rNeg   + + .     Faith    .     c - +5 shield
rPois  ∞         Spirit   .     y - +2 hat
rElec  +         Reflect  .     H - +2 cloak of an ice cave {rElec rF- Str+7 Dex+2}
rCorr  .         Harm     +     D - +2 pair of gloves {Dex+3}
MR     +....     Clarity  +     L - +1 pair of boots
Stlth  +......... Rnd*Tele +    P - amulet of harm
                                s - +4 ring of strength (curse)
                                b - +5 ring of slaying

@: engulfed, protected from physical damage, flying, repel missiles
A: big wings, horns 1, repulsion field 1, agile 1, blink, clarity, deterioration
1, fire resistance 1, negative energy resistance 1, electricity resistance,
teleportitis 1, wild magic 1, unbreathing, petrification resistance, rot
immunity, AC +13
a: Stop Flying, Blink, Upheaval, Elemental Force, Disaster Area, Renounce
Religion, Evoke Blink
}: 1/15 runes: serpentine


You were on level 4 of the Shoals.
You worshipped Qazlal.
Qazlal was extremely pleased with you.
You were not hungry.

You visited 6 branches of the dungeon, and saw 32 of its levels.
You visited 1 bazaar.
You also visited: Labyrinth, Sewer, Ossuary and Ice Cave.

You collected 3347 gold pieces.
You spent 2132 gold pieces at shops.

Inventory:

Hand Weapons
 l - the +7 morningstar "Seroz" {antimagic, Int+5 Dex-5}
   (You acquired it in a bazaar)

   It reduces the magical energy of the wielder, and disrupts the spells and
   magical abilities of those hit.
   Natural abilities and divine invocations are not affected.
   It affects your intelligence (+5).
   It affects your dexterity (-5).
 n - a +9 whip of freezing (weapon)
 A - the +4 mace of the Lame Duck {freeze, Str+7}
   (You bought it in a shop on level 2 of the Shoals)

   It has been specially enchanted to freeze those struck by it, causing extra
   injury to most foes and up to half again as much damage against particularly
   susceptible opponents.
   It can also slow down cold-blooded creatures.
   It affects your strength (+7).
Armour
 c - a +5 shield (worn)
 y - a +2 hat (worn)
 C - a +2 plate armour of magic resistance
 D - a +2 pair of gloves of dexterity (worn)
 E - the +3 ring mail of Ycol Cach (worn) {*Slow +Blink rN+ Stlth+}
   (You found it on level 6 of the Dungeon)

   It protects you from negative energy.
   It lets you blink.
   It may slow you when you take damage.
   It makes you more stealthy.
 H - the +2 cloak of an ice cave (worn) {rElec rF- Str+7 Dex+2}
   (You bought it in a shop on level 6 of the Dungeon)

   It affects your strength (+7).
   It affects your dexterity (+2).
   It makes you vulnerable to fire.
   It insulates you from electricity.
 L - a +1 pair of boots (worn)
 W - the +4 ring mail "Susum" {MR+ rCorr}
   (You found it on level 4 of the Snake Pit)

   It affects your resistance to hostile enchantments.
   It protects you from acid and corrosion.
Jewellery
 b - a +5 ring of slaying (left hand)
 e - an uncursed ring of magical power
 s - a cursed +4 ring of strength (right hand)
 P - an amulet of harm (around neck)
Wands
 g - a wand of heal wounds (2/9)
 p - a wand of teleportation (3/9)
 r - a wand of digging (2/24)
 u - a wand of heal wounds (0/9)
 z - a wand of digging (17/24)
 B - a wand of slowing (23/48)
 K - a wand of flame (22/48)
 Z - a wand of disintegration (14/24)
Scrolls
 a - 4 scrolls of holy word
 h - 2 scrolls of fear
 i - 5 scrolls of identify
 k - 20 scrolls of remove curse
 m - a scroll of summoning
 t - a scroll of amnesia
 v - 13 scrolls of teleportation
 J - 5 scrolls of magic mapping
 N - 4 scrolls of enchant weapon
 U - 3 scrolls of blinking
Potions
 d - 12 potions of curing
 j - 8 potions of brilliance
 w - 4 potions of invisibility
 x - 6 potions of agility
 F - 2 potions of might
 G - a potion of cure mutation
 I - a potion of magic
 M - 3 potions of ambrosia
 Q - 3 potions of haste
 R - 3 potions of resistance
 V - 3 potions of berserk rage
Miscellaneous
 X - a crystal ball of energy
Comestibles
 f - 16 bread rations
 q - 6 meat rations
 O - a royal jelly
 S - a slice of pizza


   Skills:
 + Level 20.3 Fighting
 + Level 20.4 Maces & Flails
 + Level 7.7 Armour
 - Level 9.0 Shields
 - Level 12.9 Invocations
 - Level 10.5 Evocations


You had 16 spell levels left.
You knew the following spells:

 Your Spells              Type           Power        Failure   Level  Hunger
a - Swiftness             Chrm/Air       #.......     99%         2    ###....


Dungeon Overview and Level Annotations

Branches:
Dungeon (15/15)            Temple (1/1) D:5            Lair (6/6) D:11
 Shoals (4/4) Lair:3        Snake (4/4) Lair:4        Slime (0/5) Lair:6
    Orc (2/2) D:12            Elf (0/3) Orc:2        Vaults (0/5) D:13
 Depths (0/5) D:15

Altars:
Ashenzari
Cheibriados
Dithmenos
Elyvilon
Fedhas
Gozag
Hepliaklqana
Kikubaaqudgha
Makhleb
Nemelex Xobeh
Okawaru
Qazlal
Ru
Sif Muna
Trog
Uskayaw
Vehumet
Xom
Yredelemnul
Zin
The Shining One
Beogh

Shops:
D:4 !   D:6 [   D:12 (   Orc:2 [[:*   Shoals:2 =!(?   Shoals:4 =   Snake:1 %!?

Annotations:
D:4 exclusion: statue


Innate Abilities, Weirdness & Mutations

You are resistant to torment.
Your stone body is resilient. (AC +13)
You are immune to poison.
Your large and strong wings let you fly indefinitely.
You resist negative energy. (rN+)
You are resistant to electric shocks. (rElec)
You can survive without breathing.
You are immune to petrification.
You are immune to rotting.
You have a pair of small horns on your head.
You are surrounded by a mild repulsion field. (EV +2)
You are agile. (Dex +2)
You can translocate small distances at will.
You possess an exceptional clarity of mind.
Your body sometimes deteriorates upon taking damage.
Your flesh is heat resistant. (rF+)
You are occasionally teleported next to monsters.
Your spells are a little harder to cast, but a little more powerful.


Message History

The water engulfing you falls away. You block the water elemental's attack.
The siren is engulfed in freezing vapours.
You block the siren's attack.
The merfolk aquamancer is engulfed in a cloud of scalding steam.
The water elemental hits you.
The water elemental engulfs you in water!
The water nymph is struck by lightning.
The water nymph touches you.
You hear a screech!
Evoke which item? (* to show all) (? for menu, Esc to quit)
Zapping:
u - a wand of heal wounds (1/9)
Press: ? - help, Shift-Dir - straight line, f - you You feel much better.
This wand has 0 charges left.
The merfolk avatar chants a haunting song.
You are unaffected.
The merfolk aquamancer casts a spell at you.
The shard of ice hits you!
* * * LOW HITPOINT WARNING * * *
The merfolk aquamancer is engulfed in a cloud of scalding steam.
The water elemental hits you!
You die...

≈..≈≈≈≈≈≈≈≈#≈≈≈≈
≈..≈≈≈≈≈≈≈≈≈≈#≈≈≈#
≈≈......≈...≈≈≈≈≈≈≈.#≈#≈≈≈
≈≈..........≈≈≈≈≈≈≈≈.#≈≈≈ .
≈...<.......≈≈≈≈≈)≈≈≈≈≈####≈.
≈..........≈E≈≈≈≈m≈§≈≈≈≈≈≈≈≈.
...........≈≈≈≈≈§§§§≈≈≈≈≈≈≈≈.
..........≈≈≈≈§Emmm§≈≈≈≈≈≈≈≈.
.......?.≈≈≈≈≈§E@≈§§§≈≈≈≈≈≈≈≈
.....<...≈∩≈≈≈≈≈≈§§m≈≈≈≈≈≈≈≈≈
........≈≈≈≈≈≈≈§m≈§≈≈≈≈≈≈≈≈≈≈
.......≈≈≈≈≈≈≈≈≈≈≈≈≈≈≈≈≈≈≈≈≈≈
≈≈≈...≈≈≈≈≈≈≈≈≈≈≈≈≈≈≈≈≈≈≈≈≈≈≈
≈≈≈≈≈≈≈≈≈≈≈≈≈≈≈..≈≈≈≈≈≈≈≈≈≈≈≈
≈≈≈≈≈≈≈≈≈≈≈≈≈≈≈...≈≈≈≈≈≈≈≈≈≈≈
..≈≈≈≈≈≈≈≈≈≈≈≈≈≈.###.≈≈≈≈≈≈≈≈
.≈≈≈≈≈≈≈≈≈≈≈≈≈≈≈≈.##.≈≈≈≈≈≈≈≈


You could see a merfolk avatar, 2 merfolk aquamancers, a merfolk, 3 water
elementals, a siren and a water nymph.

Vanquished Creatures
  Vashnia (Snake:2)
  Nikola (Snake:4)
  Jorgrun (Shoals:2)
  Asterion (Snake:4)
  Frances (Snake:1)
  Ilsuiw (Shoals:4)
  8 nagarajas
  Roxanne (D:14)
  An orc warlord (Orc:1)
  The ghost of Exporg the Peltast, a journeyman MiBe of Trog (Shoals:4)
  A frost giant (IceCv)
  Aizul (Snake:3)
  Azrael (Orc:2)
  A dire elephant (Lair:3)
  2 merfolk javelineers
  A minotaur (Lab)
  A vault guard (D:13)
  6 merfolk impalers
  A rakshasa (D:14)
  11 hydras
  The ghost of Yoshimo the Bewitcher, a journeyman FeEn of Jiyva (Snake:1)
  13 naga warriors
  9 anacondas
  3 merfolk avatars
  4 catoblepae
  An alligator snapping turtle (Shoals:4)
  3 merfolk aquamancers
  7 ogre magi
  2 alligators (Snake:3)
  A death knight (D:15)
  16 death yaks
  A tengu warrior (D:13)
  3 satyrs
  3 shock serpents
  18 naga sharpshooters
  The ghost of Paps the Protected, a novice DsFi of Hepliaklqana (D:8)
  Nergalle (Orc:1)
  A salamander mystic (Snake:3)
  5 skeletal warriors
  5 unseen horrors
  3 wizards
  12 sea snakes
  A swamp dragon (Snake:3)
  10 naga ritualists
  8 hill giants
  2 orc knights (Orc:1)
  A necromancer (D:11)
  Pikel (D:4)
  A phantasmal warrior (D:15)
  2 deep elf magi (D:14)
  10 mana vipers
  8 harpies (Shoals:1)
  3 orc sorcerers
  6 ugly things (D:15)
  4 cyclopes
  12 manticores
  14 fauns
  4 guardian serpents
  9 salamanders
  42 black mambas
  15 elephants
  5 sirens
  6 water nymphs
  33 naga magi
  6 centaur skeletons
  8 spiny frogs
  4 rime drakes
  4 efreet
  A spiny frog (shapeshifter) (D:13)
  A rime drake (shapeshifter) (D:13)
  7 komodo dragons
  2 tengu conjurers
  19 merfolk
  2 freezing wraiths
  7 trolls
  11 polar bears
  3 wind drakes (Shoals:2)
  2 hornets
  25 two-headed ogres
  Grinder (D:5)
  Prince Ribbit (D:9)
  16 hippogriffs
  4 blink frogs (Lair:2)
  8 snapping turtles
  4 shadows
  2 wraiths (D:14)
  3 wyverns
  A spriggan (D:8)
  9 water elementals
  Sigmund (D:6)
  44 yaks
  6 fire elementals (Orc:2)
  A basilisk (shapeshifter) (D:14)
  4 hungry ghosts
  7 basilisks
  2 wargs (Orc:2)
  52 nagas
  11 water moccasins
  5 swamp worms (Snake:3)
  The ghost of bananaglory the Firebug, an amateur TeFE (D:3)
  A hell hound (Orc:2)
  10 porcupines
  The ghost of galech the Ducker, an amateur TrFi of Okawaru (D:4)
  4 ice beasts
  4 sky beasts
  16 orc warriors
  4 phantoms
  A black bear (D:8)
  36 ogres
  3 necrophages
  16 centaurs
  26 wolves
  3 big kobolds
  11 crocodiles
  16 bullfrogs
  A scorpion (D:8)
  18 killer bees
  11 wights
  An electric eel (D:6)
  7 howler monkeys
  6 centaur zombies
  6 crimson imps
  2 quasits
  11 orc wizards
  8 jellies
  8 orc priests
  8 hounds
  5 bullfrog skeletons
  Jessica (D:3)
  3 iguanas
  11 worker ants
  A big kobold zombie (Ossuary)
  A hound zombie (D:5)
  5 mummies
  6 gnolls (D:3)
  A howler monkey skeleton (D:6)
  8 adders
  7 shadow imps
  11 oozes
  An adder skeleton (D:6)
  An adder zombie (D:7)
  4 worms
  2 dart slugs (D:1)
  12 leopard geckos
  56 orcs
  12 giant cockroaches
  6 hobgoblins
  4 jackals (Sewer)
  11 quokkas
  3 ball pythons
  10 bats
  10 frilled lizards
  6 goblins
  4 hobgoblin zombies (Ossuary)
  10 kobolds
  A quokka skeleton (D:4)
  2 rats
  25 fungi
  34 plants
1151 creatures vanquished.

Vanquished Creatures (collateral kills)
  Fannar (Lair:3)
  2 elephants (Lair:3)
  A water moccasin (Lair:3)
  2 wolves (Lair:3)
6 creatures vanquished.

Vanquished Creatures (others)
  2 naga sharpshooters (Snake:4)
  A black mamba (Snake:1)
  4 polar bears (IceCv)
  A yak (IceCv)
  A wolf (IceCv)
  An orc priest (D:4)
  A statue (D:4)
  An adder (D:4)
  6 orcs (D:4)
  5 fungi
  16 plants
39 creatures vanquished.

Grand Total: 1196 creatures vanquished

Notes
Turn   | Place    | Note
-------+----------+-------------------------------------------
     0 | D:1      | theAP the Gargoyle Fighter began the quest for the Orb.
     0 | D:1      | Reached XP level 1. HP: 14/14 MP: 1/1
   175 | D:1      | Reached XP level 2. HP: 16/19 MP: 2/2
   406 | D:1      | Reached XP level 3. HP: 20/24 MP: 3/3
  1131 | D:2      | Found a glowing golden altar of the Shining One.
  1273 | D:2      | Reached XP level 4. HP: 29/29 MP: 4/4
  1367 | D:2      | Found a shadowy altar of Dithmenos.
  1763 | D:3      | Noticed bananaglory's ghost (amateur TeFE)
  1821 | D:4      | Noticed Pikel
  1821 | D:4      | Noticed a slave
  1822 | D:4      | Noticed a slave
  1825 | D:4      | Noticed a slave
  1829 | D:4      | Noticed a slave
  1842 | D:4      | Killed Pikel
  1842 | D:4      | Reached skill level 5 in Fighting
  1842 | D:4      | Reached XP level 5. HP: 28/36 MP: 1/5
  1842 | D:4      | Reached XP level 6. HP: 32/41 MP: 1/6
  1842 | D:4      | Reached XP level 7. HP: 35/45 MP: 1/7
  1884 | D:4      | Found a radiant altar of Vehumet.
  1928 | D:4      | Found Gubip's Distillery.
  2053 | D:4      | Noticed galech's ghost (amateur TrFi)
  2079 | D:4      | Killed galech's ghost
  2100 | D:4      | Found a sand-covered staircase.
  2119 | Ossuary  | Entered an ossuary
  2179 | Ossuary  | Reached XP level 8. HP: 24/52 MP: 8/8
  2907 | D:3      | Killed bananaglory's ghost
  2958 | D:3      | Noticed Jessica
  2985 | D:3      | Killed Jessica
  3614 | D:5      | Entered Level 5 of the Dungeon
  3695 | D:5      | Found a glowing drain.
  3754 | Sewer    | Entered a sewer
  4470 | D:5      | Found a staircase to the Ecumenical Temple.
  4483 | Temple   | Entered the Ecumenical Temple
  4580 | D:5      | Noticed Grinder
  4596 | D:5      | Killed Grinder
  4596 | D:5      | Reached XP level 9. HP: 53/58 MP: 7/9
  4686 | D:5      | Gained mutation: You are surrounded by a mild repulsion field. (EV +2) [potion of mutation]
  4686 | D:5      | Gained mutation: You are occasionally teleported next to monsters. [potion of mutation]
  4686 | D:5      | Gained mutation: Your body sometimes deteriorates upon taking damage. [potion of mutation]
  4690 | D:5      | Found a snail-covered altar of Cheibriados.
  4690 | D:5      | Found a sacrificial altar of Ru.
  4695 | D:5      | Found a stormy altar of Qazlal.
  4698 | D:5      | Found a blossoming altar of Fedhas.
  4700 | D:5      | Found an ancient bone altar of Kikubaaqudgha.
  4705 | D:5      | Became a worshipper of Qazlal Stormbringer
  4743 | D:5      | Found a hazy altar of Hepliaklqana.
  4943 | D:5      | Found an opulent altar of Gozag.
  4952 | D:5      | Gained mutation: You are agile. (Dex +2) [potion of mutation]
  5205 | D:6      | Noticed Sigmund
  5214 | D:6      | Killed Sigmund
  5313 | D:6      | Reached skill level 10 in Maces & Flails
  5413 | D:6      | Got a fine ring mail
  5424 | D:6      | Identified the +3 ring mail of Ycol Cach {*Slow +Blink rN+ Stlth+} (You found it on level 6 of the Dungeon)
  5776 | D:6      | Found Muopsu Muwu's Antique Armour Emporium.
  5779 | D:6      | Bought a faintly glowing cloak for 228 gold pieces
  5784 | D:6      | Identified the +2 cloak of an ice cave {rElec rF- Str+7 Dex+2} (You bought it in a shop on level 6 of the Dungeon)
  6052 | D:7      | Reached skill level 1 in Evocations
  6722 | D:7      | Gained mutation: Your flesh is heat resistant. (rF+) [potion of mutation]
  6722 | D:7      | Gained mutation: You can translocate small distances at will. [potion of mutation]
  6879 | D:8      | Reached * piety under Qazlal
  6879 | D:8      | Reached XP level 10. HP: 64/66 MP: 9/12
  6918 | D:8      | Noticed Paps's ghost (novice DsFi)
  6963 | D:8      | Killed Paps's ghost
  7098 | D:8      | Found an opulent altar of Gozag.
  7485 | D:8      | Found an iron altar of Okawaru.
  7597 | D:9      | Noticed Prince Ribbit
  7606 | D:9      | Killed Prince Ribbit
  7606 | D:9      | Reached ** piety under Qazlal
  7606 | D:9      | Reached skill level 1 in Invocations
  8079 | D:9      | Reached skill level 10 in Fighting
  8189 | D:9      | Reached XP level 11. HP: 72/72 MP: 14/14
  8337 | D:10     | Entered Level 10 of the Dungeon
  8383 | D:10     | Reached *** piety under Qazlal
  8449 | D:10     | Gained mutation: Your spells are a little harder to cast, but a little more powerful. [mutagenic meat]
  8450 | D:10     | Gained mutation: Your large and strong wings let you fly indefinitely. [mutagenic meat]
  8451 | D:10     | Gained mutation: You possess an exceptional clarity of mind. [mutagenic meat]
  8674 | D:10     | Reached skill level 5 in Evocations
  8833 | D:10     | Noticed a hill giant
  8844 | D:10     | Killed a hill giant
  9032 | D:11     | Noticed a hill giant
  9052 | D:11     | Killed a hill giant
  9294 | D:11     | Found a staircase to the Lair.
  9423 | D:11     | Noticed a manticore
  9430 | D:11     | Killed a manticore
  9476 | D:11     | Noticed a necromancer
  9482 | D:11     | Killed a necromancer
  9485 | D:11     | Reached **** piety under Qazlal
  9695 | D:11     | Noticed a manticore
  9706 | D:11     | Killed a manticore
  9870 | D:12     | Noticed a six-headed hydra
  9882 | D:12     | Killed a six-headed hydra
  9998 | D:12     | Found a staircase to the Orcish Mines.
 10150 | D:12     | Reached XP level 12. HP: 80/80 MP: 16/16
 10738 | D:12     | Found Laguasao's Weapon Shoppe.
 10899 | D:13     | Reached skill level 5 in Shields
 10915 | D:13     | Got a pitted war axe
 10967 | D:13     | Noticed a four-headed hydra
 10982 | D:13     | Killed a four-headed hydra
 11289 | D:13     | Noticed a vault guard
 11300 | D:13     | Killed a vault guard
 11339 | D:13     | Reached ***** piety under Qazlal
 11358 | D:13     | Noticed a tengu warrior
 11370 | D:13     | Killed a tengu warrior
 11475 | D:13     | Reached XP level 13. HP: 60/87 MP: 14/17
 11496 | D:13     | Found a gate to the Vaults.
 12144 | D:14     | Paralysed by a wizard for 4 turns
 12153 | D:14     | Noticed a rakshasa
 12171 | D:14     | Paralysed by a wizard for 4 turns
 12180 | D:14     | Reached skill level 15 in Maces & Flails
 12200 | D:14     | Killed a rakshasa
 12291 | D:14     | Noticed Roxanne
 12691 | D:14     | Killed Roxanne
 12693 | D:14     | Identified Roxanne's Incunabulum of Stones (You took it off Roxanne on level 14 of the Dungeon)
 12898 | D:15     | Entered Level 15 of the Dungeon
 13047 | D:15     | Reached skill level 5 in Invocations
 13106 | D:15     | Mutation became permanent: Your large and strong wings let you fly indefinitely. [Gargoyle growth]
 13106 | D:15     | Reached XP level 14. HP: 54/96 MP: 11/18
 13999 | D:15     | Found a staircase to the Depths.
 14144 | D:15     | Reached skill level 15 in Fighting
 14449 | Lair:1   | Entered Level 1 of the Lair of Beasts
 14591 | Lair:1   | Reached ****** piety under Qazlal
 14857 | Lair:1   | You are sucked into a shaft!
 15864 | Lair:3   | Noticed Fannar
 15903 | Lair:3   | Killed Fannar
 15903 | Lair:3   | Reached XP level 15. HP: 96/103 MP: 13/21
 16090 | Lair:3   | Found a staircase to the Shoals.
 16191 | Lair:3   | Gained mutation: You have a pair of small horns on your head. [potion of beneficial mutation]
 16607 | Lair:3   | Identified the +8 war axe of the Exiled Cities {venom, Str+3} (You found it on level 13 of the Dungeon)
 16687 | Lair:4   | Found a labyrinth entrance.
 16739 | Lab      | Entered a labyrinth
 17123 | Lab      | Identified the Papyrus of Weightlessness
 17123 | Lab      | Identified the Grimoire of Feathery Transmutation
 17124 | Lab      | Got a slimy jade amulet
 17139 | Lair:4   | Found a frozen archway.
 17148 | IceCv    | Entered an ice cave
 17268 | IceCv    | Reached skill level 10 in Invocations
 17527 | IceCv    | Noticed a frost giant
 17538 | IceCv    | Killed a frost giant
 17554 | IceCv    | Identified the Reference Book on Aerial Changing
 17557 | IceCv    | Identified Casting, Part Three
 17561 | IceCv    | Learned a level 2 spell: Swiftness
 17591 | IceCv    | Identified the amulet "Vaufir" {Inacc Str+3} (You found it in a labyrinth)
 18035 | Lair:4   | Found a staircase to the Snake Pit.
 18881 | Lair:6   | Entered Level 6 of the Lair of Beasts
 18944 | Lair:6   | Found a staircase to the Slime Pits.
 19150 | Lair:6   | Reached XP level 16. HP: 51/111 MP: 16/24
 20078 | Orc:1    | Entered Level 1 of the Orcish Mines
 20104 | Orc:1    | Noticed Nergalle
 20117 | Orc:1    | Killed Nergalle
 20160 | Orc:1    | Found a roughly hewn altar of Beogh.
 20513 | Orc:1    | You are sucked into a shaft!
 20513 | Orc:2    | Entered Level 2 of the Orcish Mines
 20736 | Orc:2    | Found Kaadol's Book Boutique.
 20753 | Orc:2    | Found Henufeab's General Store.
 20760 | Orc:2    | Found Acuth's Antique Armour Boutique.
 20760 | Orc:2    | Found Miwiosen's Antique Armour Shoppe.
 20767 | Orc:2    | Found a staircase to the Elven Halls.
 20780 | Orc:2    | Noticed Azrael
 20797 | Orc:2    | Killed Azrael
 21165 | Orc:2    | Bought an encrusted ring mail for 162 gold pieces
 21166 | Orc:2    | Identified the +1 ring mail of the Soldier {MR+} (You bought it in a shop on level 2 of the Orcish Mines)
 21346 | Snake:1  | Entered Level 1 of the Snake Pit
 21432 | Snake:1  | Found Ereh's Magic Scroll Shop.
 21432 | Snake:1  | Found Ferhull's Distillery.
 21437 | Snake:1  | Found Soazusch's Food Shop.
 21460 | Snake:1  | Noticed Frances
 21460 | Snake:1  | Found a flickering gateway to a bazaar.
 21497 | Snake:1  | Killed Frances
 21513 | Bazaar   | Entered a bazaar
 21527 | Bazaar   | Found Ahouv's Gadget Emporium.
 21552 | Bazaar   | Found Rownax's Antique Weapon Emporium.
 21571 | Bazaar   | Found Toffam's Magic Scroll Shoppe.
 21571 | Bazaar   | Found Utamm's Weapon Emporium.
 21629 | Bazaar   | Bought a scroll of acquirement for 572 gold pieces
 21682 | Bazaar   | Got an ancient morningstar
 21683 | Bazaar   | Identified the +7 morningstar "Seroz" {antimagic, Int+5 Dex-5} (You acquired it in a bazaar)
 21713 | Bazaar   | Bought a scroll of teleportation for 33 gold pieces
 21713 | Bazaar   | Bought a scroll of summoning for 104 gold pieces
 21713 | Bazaar   | Bought a scroll of teleportation for 33 gold pieces
 21774 | Snake:1  | Bought a scroll of acquirement for 728 gold pieces
 21778 | Snake:1  | Got a dazzling demon whip
 21779 | Snake:1  | Identified the +5 demon whip of Zostrore {pain, rC+ Stlth+} (You acquired it on level 1 of the Snake Pit)
 21798 | Snake:1  | Noticed Yoshimo's ghost (journeyman FeEn)
 21805 | Snake:1  | Killed Yoshimo's ghost
 22782 | Snake:2  | Reached XP level 17. HP: 109/119 MP: 26/26
 23114 | Snake:2  | Noticed Vashnia
 23160 | Snake:2  | Killed Vashnia
 23838 | Snake:3  | Noticed Aizul
 23860 | Snake:3  | Killed Aizul
 24495 | Snake:4  | Entered Level 4 of the Snake Pit
 24737 | Snake:4  | Reached XP level 18. HP: 126/127 MP: 27/27
 24751 | Snake:4  | Noticed Asterion
 24755 | Snake:4  | Killed Asterion
 25013 | Snake:4  | Noticed Nikola
 25019 | Snake:4  | Killed Nikola
 25158 | Snake:4  | Reached skill level 10 in Evocations
 25384 | Snake:4  | Got a faintly humming ring mail
 25398 | Snake:4  | Identified the +4 ring mail "Susum" {MR+ rCorr} (You found it on level 4 of the Snake Pit)
 25474 | Snake:4  | Got a serpentine rune of Zot
 25719 | Shoals:1 | Entered Level 1 of the Shoals
 25934 | Shoals:1 | Reached skill level 5 in Armour
 26321 | Shoals:1 | Reached XP level 19. HP: 134/134 MP: 28/28
 26998 | Shoals:2 | Noticed Jorgrun
 27005 | Shoals:2 | Found Killuf's Antique Weapon Shoppe.
 27011 | Shoals:2 | Killed Jorgrun
 27024 | Shoals:2 | Bought a bloodstained mace for 272 gold pieces
 27024 | Shoals:2 | Identified the +4 mace of the Lame Duck {freeze, Str+7} (You bought it in a shop on level 2 of the Shoals)
 27107 | Shoals:2 | Found Ewiz's Distillery.
 27200 | Shoals:2 | Found Haisu's Magic Scroll Emporium.
 27519 | Shoals:2 | Found Fyl Job's Jewellery Emporium.
 28472 | Shoals:4 | Entered Level 4 of the Shoals
 28474 | Shoals:4 | Noticed Exporg's ghost (journeyman MiBe)
 28746 | Shoals:4 | Found Inla's Jewellery Shop.
 28755 | Shoals:4 | Noticed Ilsuiw
 28798 | Shoals:4 | Killed Exporg's ghost
 28807 | Shoals:4 | Killed Ilsuiw
 28808 | Shoals:4 | HP: 3/135 [merfolk aquamancer/shard of ice (67)]
 28808 | Shoals:4 | Mangled by a water elemental

Skill      XL: |  1  2  3  4  5  6  7  8  9 10 11 12 13 14 15 16 17 18 19 |
---------------+----------------------------------------------------------+-----
Fighting       | 4 5 6 7 9 10 11 12 14 15 16 17 18 19 20 | 20.3
Maces & Flails | 3 6 7 9 11 12 13 14 15 16 17 18 19 20 | 20.4
Evocations     | 2 4 6 9 10 | 10.5
Invocations    | 2 5 8 11 12 | 12.9
Shields        | 4 7 9 |  9.0
Armour         | 5 7 |  7.7

Action                   |  1- 3 |  4- 6 |  7- 9 | 10-12 | 13-15 | 16-18 | 19-21 || total
-------------------------+-------+-------+-------+-------+-------+-------+-------++-------
Melee: Flail             |   129 |    62 |     3 |       |       |       |       ||   194
       Whip              |    37 |       |   549 |   738 |  1359 |   636 |   228 ||  3547
       Unarmed           |       |       |       |     1 |       |       |       ||     1
       Headbutt          |       |       |       |       |   150 |   362 |    82 ||   594
       Demon whip        |       |       |       |       |       |   460 |       ||   460
Invok: Disaster Area     |       |       |       |       |     1 |     7 |     2 ||    10
       Elemental Force   |       |       |       |       |     1 |       |       ||     1
       Upheaval          |       |       |       |       |     2 |     8 |     6 ||    16
 Abil: Blink             |       |       |       |     5 |     1 |       |       ||     6
       Fly               |       |       |       |     1 |       |       |       ||     1
       Evoke Blink       |       |       |       |       |       |     6 |     2 ||     8
Evoke: Wand              |       |       |       |       |     5 |     4 |     8 ||    17
  Use: Scroll            |     2 |       |    22 |    14 |    12 |     7 |       ||    57
       Potion            |       |     2 |     7 |     2 |     3 |     5 |     2 ||    21
 Stab: Sleeping          |       |       |     1 |       |       |       |       ||     1
       Distracted        |       |       |       |       |     1 |       |       ||     1
  Eat: Chunk             |     1 |     2 |     8 |    16 |    13 |     8 |     4 ||    52
       Bread ration      |       |       |     1 |       |       |       |       ||     1
       Fruit             |       |       |     2 |     4 |     5 |       |       ||    11
       Beef jerky        |       |       |     1 |       |     2 |     2 |       ||     5
       Royal jelly       |       |       |     1 |       |       |       |       ||     1
       Pizza             |       |       |       |     1 |     3 |     2 |       ||     6
       Meat ration       |       |       |       |       |       |     2 |     1 ||     3
Armor: Scale mail        |    73 |    33 |   179 |       |       |       |       ||   285
       Ring mail         |       |       |    29 |   209 |   269 |   243 |    98 ||   848
Dodge: Dodged            |    53 |    15 |   140 |   112 |   175 |   242 |    69 ||   806
       Deflected         |       |       |       |     3 |     3 |    41 |    15 ||    62
Block: Shield            |    75 |    25 |   207 |   433 |   824 |  1168 |   277 ||  3009
       Other             |       |       |       |     1 |       |       |       ||     1
